 Dungeon Sprint DCSS version 0.17.0-24-gcfadda4 (webtiles) character file.

38303 Kidiri the Unseen (level 12, -11/63 HPs)
             Began as a Spriggan Enchanter on Nov 16, 2015.
             Was the Champion of Dithmenos.
             Mangled by an alligator snapping turtle (46 damage)
             ... in the Dungeon (Sprint III: "The Ten Rune Challenge").
             The game lasted 00:22:47 (3362 turns).

Kidiri the Unseen (Spriggan Enchanter)              Turns: 3362, Time: 00:22:47

Health: -11/63     AC:  3    Str:  4    XL:     12   Next: 88%
Magic:  21/32      EV: 34    Int: 19    God:    Dithmenos [******]
Gold:   23         SH:  0    Dex: 19    Spells: 11 memorised, 4 levels left

rFire  . . .     SeeInvis +     a - +2 dagger
rCold  . . .     Clarity  +     b - +1 robe
rNeg   . . .     SustAt   .     (shield restricted)
rPois  .         Gourm    .     (helmet restricted)
rElec  .         Spirit   .     (no cloak)
rCorr  .         Warding  .     (gloves unavailable)
rMut   .         NoTele   +     (boots unavailable)
MR     ++...                    (no amulet)
Stlth  ++++++++++               (no ring)
                                (no ring)

@: wreathed by umbra, very quick, very resistant to hostile enchantments,
uncannily stealthy
A: unfitting armour, see invisible, clarity, herbivore 3, speed 3, slow
regeneration 1, slow metabolism 2, wild magic 1
a: Shadow Step, Shadow Form, Renounce Religion
}: 1/10 runes: serpentine


You were in the Dungeon.
You worshipped Dithmenos.
Dithmenos was exalted by your worship.
You were not hungry.

You visited 1 branch You collected 23 gold pieces.

Inventory:

Hand Weapons
 a - a +2 dagger (weapon)
 e - a +0 blowgun
Missiles
 f - 5 needles of sleeping
 l - 5 needles of paralysis
Armour
 b - a +1 robe (worn)
Scrolls
 j - a scroll of blinking
 o - 3 scrolls of remove curse
 r - 2 scrolls of holy word
Potions
 g - a potion of haste
 h - a potion of magic
 i - 2 potions of berserk rage
 p - a potion of cure mutation
 q - 2 potions of flight {unknown}
Books
 u - a book of Alchemy

   Spells                             Type                      Level
   a - Sublimation of Blood           Necromancy                   2
   b - Ignite Poison                  Fire/Transmutation/Poison    3
   c - Alistair's Intoxication        Transmutation/Poison         4
   d - Condensation Shield            Ice                          4
   e - Petrify                        Transmutation/Earth          4
   f - Irradiate                      Conjuration/Transmutation    5
Comestibles
 c - 5 fruits
 d - 2 bread rations
 t - 24 royal jellies


   Skills:
 + Level 7.6 Fighting
 * Level 13.7 Short Blades
 + Level 4.5 Throwing
 + Level 7.0 Armour
 * Level 17.3 Dodging
 * Level 18.7 Stealth
 * Level 15.0 Spellcasting
 + Level 6.5 Conjurations
 + Level 11.3 Hexes
 + Level 11.3 Translocations
 + Level 7.8 Transmutations
 + Level 7.5 Ice Magic
 + Level 5.2 Earth Magic
 - Level 2.1 Invocations


You had 4 spell levels left.
You knew the following spells:

 Your Spells              Type           Power        Failure   Level  Hunger
a - Corona                Hex            ######.      1%          1    None
b - Ensorcelled Hibernat  Hex/Ice        ######       1%          2    None
c - Confuse               Hex            ######..     1%          3    None
d - Tukima's Dance        Hex            ######..     1%          3    None
e - Dazzling Spray        Conj/Hex       ######..     2%          3    None
f - Gell's Gravitas       Hex/Tloc       ######....   1%          3    None
g - Force Lance           Conj/Tloc      ######..     4%          4    None
h - Phase Shift           Tloc           ######....   4%          5    ###....
i - Condensation Shield   Ice            ######....   5%          4    None
j - Petrify               Trmt/Erth      ######..     9%          4    None
k - Irradiate             Conj/Trmt      ######....   19%         5    ###....


Dungeon Overview and Level Annotations

Branches:
Dungeon (1/1)

Altars:
Cheibriados
Dithmenos
Elyvilon
Fedhas
Gozag
Kikubaaqudgha
Makhleb
Nemelex Xobeh
Okawaru
Qazlal
Ru
Sif Muna
Trog
Vehumet
Xom
Yredelemnul
Zin
The Shining One
Jiyva
Lugonu

Shops:
D =(?[}!


Innate Abilities, Weirdness & Mutations

You are tiny and cannot use many weapons and most armour.
You have supernaturally acute eyesight.
You are a herbivore.
You cover ground extremely quickly.
You need consume almost no food.
You possess an exceptional clarity of mind.
You regenerate slowly when monsters are visible.
Your spells are a little harder to cast, but a little more powerful.


Message History

Confirm with . or Enter, or press ? or * to list all spells.
Aiming: Ensorcelled Hibernation
Press: ? - help, Shift-Dir - straight line, f/p - alligator snapping turtle
Aim: an alligator snapping turtle (umbra, chance to defeat MR: 37%)
The alligator snapping turtle easily resists.
Your shadow mimicks your spell!
The alligator snapping turtle resists with almost no effort.
The alligator snapping turtle bites you from afar!!
You emit a cloud of dark smoke.
Casting: Ensorcelled Hibernation
Confirm with . or Enter, or press ? or * to list all spells.
Aiming: Dazzling Spray
Press: ? - help, Shift-Dir - straight line, f/p - alligator snapping turtle
Aim: an alligator snapping turtle (umbra)
The spray of energy hits the alligator snapping turtle.
Your shadow mimicks your spell!
The shadow shard hits the alligator snapping turtle.
The alligator snapping turtle bites you from afar!!!
Ouch! That really hurt!
You die...

#≈≈≈≈≈§§≈.♣♣♣♣♣♣♣#..♣♣
#≈≈.≈≈≈.≈≈♣ ###+♣♣♣♣♣♣♣♣♣
##+####'#######♣
♣♣♣♣.##..##≈≈≈
.......)[......♣♣
♣...##.##.#≈≈≈
#+#############'♣
♣♣.##.##.##+≈≈ ..
#≈.......%...♣ ♣..#.##...#≈≈ .
.+≈≈...########♣♣
♣♣.##.##.[#≈.
J.#≈≈≈.......§§§§♣
♣♣.##.#####..
J.#≈≈≈≈.......§@§♣
♣.....##..... #
###########t#############+####
▓..t.........▓#..÷..
▓≈≈P......P§≈▓#.....
▓≈≈t.Pt.P.§§≈▓######
▓≈≈≈≈≈..≈§§§§▓##...%
▓t≈≈≈≈wXw§§§§▓#.....
▓≈≈≈≈≈≈ww§§w§▓#..###
▓≈≈≈≈≈≈≈≈§§§§▓#.....


You could see an alligator snapping turtle.

Vanquished Creatures
  A greater naga (D)
  Maud (D)
  A dire elephant (D)
  A naga warrior (D)
  2 anacondas (D)
  2 hydras (D)
  Erica (D)
  A centaur warrior (D)
  An alligator snapping turtle (D)
  4 death yaks (D)
  A death drake (D)
  A spriggan druid (D)
  A lindwurm (D)
  2 unseen horrors (D)
  A guardian serpent (D)
  5 black mambas (D)
  2 spiny frogs (D)
  A komodo dragon (D)
  A fire drake (D)
  3 wandering mushrooms (D)
  A queen bee (D)
  A deep elf priest (D)
  A snapping turtle (D)
  8 blink frogs (D)
  2 spriggans (D)
  A shadow (D)
  3 redbacks (D)
  2 nagas (D)
  A spatial vortex (D)
  7 water moccasins (D)
  A swamp drake (D)
  A necrophage (D)
  An earth elemental (D)
  2 brain worms (D)
  2 centaurs (D)
  A water elemental (D)
  A scorpion (D)
  32 killer bees (D)
  An electric eel (D)
  A jelly (D)
  A necromancer (D)
  A wizard (D)
  3 humans (D)
  A kobold demonologist (D)
  5 adders (D)
  2 oozes (D)
  2 rats (D)
118 creatures vanquished.

Vanquished Creatures (collateral kills)
  Rupert (D)
1 creature vanquished.

Vanquished Creatures (others)
  2 draconian scorchers (D)
  A yaktaur (D)
  7 plants (D)
  20 tentacles (D)
  54 tentacle segments (D)
84 creatures vanquished.

Grand Total: 203 creatures vanquished

Notes
Turn   | Place    | Note
--------------------------------------------------------------
     0 | D        | Kidiri the Spriggan Enchanter began the quest for the Orb.
     0 | D        | Reached XP level 1. HP: 9/9 MP: 5/5
    11 | D        | Reached XP level 2. HP: 14/14 MP: 5/7
    15 | D        | Learned a level 2 spell: Ensorcelled Hibernation
    57 | D        | Noticed a scorpion
    60 | D        | Killed a scorpion
    60 | D        | Reached skill level 1 in Fighting
    60 | D        | Reached skill level 1 in Armour
    60 | D        | Reached skill level 5 in Dodging
    60 | D        | Reached skill level 6 in Stealth
    60 | D        | Reached skill level 1 in Ice Magic
    60 | D        | Reached XP level 3. HP: 18/18 MP: 8/10
    74 | D        | Learned a level 3 spell: Confuse
    78 | D        | Learned a level 3 spell: Dazzling Spray
    87 | D        | Reached skill level 5 in Spellcasting
    87 | D        | Reached XP level 4. HP: 22/22 MP: 12/12
    92 | D        | Learned a level 3 spell: Tukima's Dance
   123 | D        | Noticed a water elemental
   126 | D        | Killed a water elemental
   126 | D        | Reached skill level 7 in Stealth
   126 | D        | Reached skill level 5 in Hexes
   126 | D        | Reached XP level 5. HP: 24/26 MP: 14/14
   136 | D        | Noticed a jelly
   137 | D        | Noticed a shadow
   139 | D        | Killed a shadow
   139 | D        | Reached skill level 5 in Short Blades
   139 | D        | Reached skill level 8 in Dodging
   139 | D        | Reached skill level 9 in Stealth
   139 | D        | Reached skill level 1 in Conjurations
   139 | D        | Reached XP level 6. HP: 29/32 MP: 14/16
   143 | D        | Killed a jelly
   238 | D        | Killed a white draconian scorcher
   264 | D        | Killed a white draconian scorcher
   337 | D        | Found a stormy altar of Qazlal.
   338 | D        | Found a sacrificial altar of Ru.
   338 | D        | Found a burning altar of Makhleb.
   338 | D        | Found a viscous altar of Jiyva.
   338 | D        | Found a shimmering altar of Xom.
   338 | D        | Found a shadowy altar of Dithmenos.
   338 | D        | Found a sparkling altar of Nemelex Xobeh.
   338 | D        | Found a corrupted altar of Lugonu.
   338 | D        | Found an opulent altar of Gozag.
   338 | D        | Noticed a spatial vortex
   339 | D        | Killed a spatial vortex
   343 | D        | Became a worshipper of Dithmenos the Shadowed
   374 | D        | Found a radiant altar of Vehumet.
   375 | D        | Found a deep blue altar of Sif Muna.
   375 | D        | Found an ancient bone altar of Kikubaaqudgha.
   375 | D        | Noticed a wizard
   376 | D        | Killed a wizard
   376 | D        | Reached skill level 10 in Stealth
   401 | D        | Gained mutation: You are frail (-10% HP). [potion of mutation]
   401 | D        | Gained mutation: Your body sometimes deteriorates upon taking damage. [potion of mutation]
   401 | D        | Gained mutation: You are clumsy. (Dex -2) [potion of mutation]
   402 | D        | Lost mutation: Your body sometimes deteriorates upon taking damage. [potion of cure mutation]
   402 | D        | Lost mutation: You are clumsy. (Dex -2) [potion of cure mutation]
   402 | D        | Lost mutation: You are frail (-10% HP). [potion of cure mutation]
   403 | D        | Gained mutation: You regenerate slowly when monsters are visible. [potion of mutation]
   403 | D        | Gained mutation: Your spells are a little harder to cast, but a little more powerful. [potion of mutation]
   403 | D        | Gained mutation: You possess an exceptional clarity of mind. [potion of mutation]
   429 | D        | Learned a level 3 spell: Gell's Gravitas
   434 | D        | Learned a level 4 spell: Force Lance
   470 | D        | Killed a yaktaur
   648 | D        | Found a glowing silver altar of Zin.
   649 | D        | Found a glowing golden altar of the Shining One.
   649 | D        | Found a white marble altar of Elyvilon.
   649 | D        | Noticed a deep elf priest
   651 | D        | Killed a deep elf priest
   651 | D        | Reached * piety under Dithmenos
   651 | D        | Reached skill level 1 in Invocations
   651 | D        | Reached XP level 7. HP: 36/36 MP: 17/19
   667 | D        | Found an iron altar of Okawaru.
   668 | D        | Found a bloodstained altar of Trog.
   668 | D        | Noticed a human
   668 | D        | Noticed a human
   670 | D        | Killed a human
   670 | D        | Reached skill level 10 in Dodging
   670 | D        | Reached skill level 11 in Stealth
   671 | D        | Killed a human
   671 | D        | Reached XP level 8. HP: 40/42 MP: 19/21
   691 | D        | Learned a level 5 spell: Phase Shift
   725 | D        | Found a snail-covered altar of Cheibriados.
   725 | D        | Noticed a necrophage
   726 | D        | Found a basalt altar of Yredelemnul.
   726 | D        | Found a blossoming altar of Fedhas.
   726 | D        | Noticed a necromancer
   727 | D        | Killed a necrophage
   727 | D        | Reached ** piety under Dithmenos
   728 | D        | Killed a necromancer
   753 | D        | Noticed Erica
   757 | D        | Killed Erica
   757 | D        | Reached skill level 12 in Stealth
   771 | D        | Noticed an earth elemental
   823 | D        | Killed an earth elemental
   934 | D        | Noticed a centaur
   934 | D        | Noticed a centaur warrior
   934 | D        | Noticed a centaur
   936 | D        | Killed a centaur
   942 | D        | Killed a centaur warrior
   942 | D        | Reached *** piety under Dithmenos
   942 | D        | Reached skill level 13 in Stealth
   942 | D        | Reached skill level 10 in Spellcasting
   942 | D        | Reached skill level 5 in Translocations
   942 | D        | Reached XP level 9. HP: 29/46 MP: 19/24
   943 | D        | Killed a centaur
  1059 | D        | Learned a level 4 spell: Condensation Shield
  1069 | D        | Noticed an unseen horror
  1069 | D        | Noticed an unseen horror
  1070 | D        | Killed an unseen horror
  1072 | D        | Killed an unseen horror
  1082 | D        | Noticed a killer bee
  1082 | D        | Noticed a killer bee
  1082 | D        | Noticed a killer bee
  1082 | D        | Noticed a killer bee
  1082 | D        | Noticed a killer bee
  1082 | D        | Noticed a killer bee
  1082 | D        | Noticed a killer bee
  1082 | D        | Noticed a killer bee
  1082 | D        | Noticed a killer bee
  1082 | D        | Noticed a queen bee
  1082 | D        | Noticed a killer bee
  1082 | D        | Noticed a killer bee
  1082 | D        | Noticed a killer bee
  1082 | D        | Noticed a killer bee
  1082 | D        | Noticed a killer bee
  1083 | D        | Noticed a killer bee
  1083 | D        | Noticed a killer bee
  1083 | D        | Noticed a killer bee
  1083 | D        | Noticed a killer bee
  1083 | D        | Noticed a killer bee
  1083 | D        | Noticed a killer bee
  1083 | D        | Noticed a killer bee
  1083 | D        | Noticed a killer bee
  1083 | D        | Noticed a killer bee
  1083 | D        | Noticed a killer bee
  1083 | D        | Noticed a killer bee
  1083 | D        | Noticed a killer bee
  1083 | D        | Noticed a killer bee
  1083 | D        | Noticed a killer bee
  1083 | D        | Noticed a killer bee
  1083 | D        | Noticed a killer bee
  1083 | D        | Noticed a killer bee
  1083 | D        | Noticed a killer bee
  1084 | D        | Killed a killer bee
  1084 | D        | Reached **** piety under Dithmenos
  1084 | D        | Reached skill level 5 in Fighting
  1087 | D        | Killed a killer bee
  1087 | D        | Reached skill level 14 in Stealth
  1087 | D        | Killed a killer bee
  1087 | D        | Reached skill level 10 in Short Blades
  1087 | D        | Killed a killer bee
  1087 | D        | Killed a killer bee
  1088 | D        | Killed a killer bee
  1088 | D        | Killed a killer bee
  1088 | D        | Reached ***** piety under Dithmenos
  1088 | D        | Reached skill level 5 in Ice Magic
  1088 | D        | Killed a killer bee
  1088 | D        | Reached XP level 10. HP: 51/51 MP: 16/26
  1088 | D        | Killed a killer bee
  1088 | D        | Killed a killer bee
  1088 | D        | Killed a killer bee
  1088 | D        | Killed a killer bee
  1088 | D        | Killed a killer bee
  1088 | D        | Killed a killer bee
  1089 | D        | Killed a killer bee
  1089 | D        | Killed a killer bee
  1089 | D        | Killed a killer bee
  1089 | D        | Killed a killer bee
  1089 | D        | Reached skill level 5 in Armour
  1090 | D        | Killed a killer bee
  1090 | D        | Killed a killer bee
  1090 | D        | Reached ****** piety under Dithmenos
  1090 | D        | Killed a killer bee
  1090 | D        | Killed a killer bee
  1091 | D        | Killed a killer bee
  1091 | D        | Killed a killer bee
  1091 | D        | Killed a killer bee
  1091 | D        | Killed a killer bee
  1091 | D        | Killed a queen bee
  1091 | D        | Killed a killer bee
  1092 | D        | Killed a killer bee
  1092 | D        | Killed a killer bee
  1093 | D        | Killed a killer bee
  1093 | D        | Killed a killer bee
  1093 | D        | Killed a killer bee
  1229 | D        | Noticed a wandering mushroom
  1230 | D        | Noticed a wandering mushroom
  1230 | D        | Noticed a wandering mushroom
  1231 | D        | Killed a wandering mushroom
  1233 | D        | Killed a wandering mushroom
  1234 | D        | Killed a wandering mushroom
  1240 | D        | Learned a level 4 spell: Petrify
  1272 | D        | Noticed a spiny frog
  1272 | D        | Noticed a komodo dragon
  1272 | D        | Noticed a spiny frog
  1276 | D        | Killed a spiny frog
  1276 | D        | Reached skill level 15 in Stealth
  1276 | D        | Reached skill level 1 in Transmutations
  1278 | D        | Killed a spiny frog
  1282 | D        | Killed a komodo dragon
  1282 | D        | Reached skill level 1 in Earth Magic
  1356 | D        | Noticed a redback
  1358 | D        | Killed a redback
  1359 | D        | Noticed a brain worm
  1362 | D        | Killed a brain worm
  1364 | D        | Noticed a brain worm
  1366 | D        | Killed a brain worm
  1369 | D        | Noticed a lindwurm
  1371 | D        | Noticed a redback
  1372 | D        | Killed a lindwurm
  1372 | D        | Reached skill level 5 in Conjurations
  1374 | D        | Killed a redback
  1380 | D        | Noticed a redback
  1381 | D        | Killed a redback
  1381 | D        | Reached XP level 11. HP: 56/56 MP: 28/28
  1382 | D        | Noticed Maud
  1384 | D        | Killed Maud
  1388 | D        | Noticed an electric eel
  1389 | D        | Noticed a four-headed hydra
  1389 | D        | Noticed a four-headed hydra
  1391 | D        | Killed an electric eel
  1409 | D        | Killed a four-headed hydra
  1409 | D        | Reached skill level 16 in Stealth
  1416 | D        | Killed a four-headed hydra
  1416 | D        | Reached skill level 15 in Dodging
  1507 | D        | Noticed a death drake
  1509 | D        | Killed a death drake
  1509 | D        | Reached skill level 10 in Hexes
  1516 | D        | Found a blossoming altar of Fedhas.
  1516 | D        | Noticed a spriggan
  1516 | D        | Noticed a spriggan druid
  1516 | D        | Noticed a spriggan
  1538 | D        | Killed a spriggan druid
  1538 | D        | Killed a spriggan
  1542 | D        | Killed a spriggan
  1837 | D        | Noticed a black mamba
  1837 | D        | Noticed a water moccasin
  1843 | D        | Killed a water moccasin
  1845 | D        | Killed a black mamba
  1880 | D        | Noticed a snapping turtle
  1882 | D        | Killed a snapping turtle
  1882 | D        | Reached skill level 1 in Throwing
  1887 | D        | Noticed a dire elephant
  1930 | D        | Noticed a black mamba
  1932 | D        | Noticed a water moccasin
  1936 | D        | Killed a black mamba
  1938 | D        | Killed a water moccasin
  1957 | D        | Noticed a water moccasin
  1957 | D        | Noticed an anaconda
  1957 | D        | Noticed a water moccasin
  1960 | D        | Killed a water moccasin
  1963 | D        | Killed a water moccasin
  1965 | D        | Killed an anaconda
  1965 | D        | Reached skill level 5 in Transmutations
  1990 | D        | Noticed a black mamba
  1993 | D        | Noticed a water moccasin
  1995 | D        | Killed a black mamba
  1997 | D        | Killed a water moccasin
  2010 | D        | Learned a level 5 spell: Irradiate
  2038 | D        | Noticed an anaconda
  2039 | D        | Noticed a water moccasin
  2040 | D        | Noticed a water moccasin
  2041 | D        | Killed an anaconda
  2041 | D        | Reached skill level 17 in Stealth
  2041 | D        | Reached skill level 10 in Translocations
  2050 | D        | Killed a water moccasin
  2052 | D        | Killed a water moccasin
  2078 | D        | Killed a dire elephant
  2078 | D        | Reached XP level 12. HP: 59/62 MP: 23/30
  2140 | D        | Noticed a naga
  2140 | D        | Noticed a naga
  2141 | D        | Noticed a naga warrior
  2141 | D        | Noticed a greater naga
  2141 | D        | Found Xeamesm's Antique Armour Shop.
  2141 | D        | Found Soicyosi's Gadget Shoppe.
  2142 | D        | Killed a naga
  2143 | D        | Found Qumeij's Distillery.
  2144 | D        | Killed a greater naga
  2145 | D        | Killed a naga warrior
  2146 | D        | Killed a naga
  2172 | D        | Noticed a guardian serpent
  2174 | D        | Killed a guardian serpent
  2176 | D        | Got a serpentine rune of Zot
  2262 | D        | Noticed a swamp drake
  2262 | D        | Noticed a fire drake
  2263 | D        | Killed a fire drake
  2265 | D        | Killed a swamp drake
  2270 | D        | Noticed a blink frog
  2270 | D        | Noticed a blink frog
  2270 | D        | Noticed a blink frog
  2271 | D        | Noticed a blink frog
  2272 | D        | Noticed a blink frog
  2274 | D        | Killed a blink frog
  2276 | D        | Killed a blink frog
  2280 | D        | Killed a blink frog
  2290 | D        | Killed a blink frog
  2294 | D        | Killed a blink frog
  2354 | D        | Noticed Rupert
  2365 | D        | Killed Rupert
  2365 | D        | Reached skill level 18 in Stealth
  2423 | D        | Noticed a death yak
  2424 | D        | Noticed a death yak
  2424 | D        | Noticed a blink frog
  2425 | D        | Noticed an azure jelly
  2425 | D        | Noticed a death yak
  2425 | D        | Noticed an azure jelly
  2425 | D        | Noticed a blink frog
  2425 | D        | Noticed a death yak
  2426 | D        | Killed a death yak
  2432 | D        | Killed a death yak
  2574 | D        | Noticed a black mamba
  2579 | D        | Killed a blink frog
  2583 | D        | Killed a black mamba
  2593 | D        | Killed a death yak
  2737 | D        | Killed a blink frog
  2737 | D        | Reached skill level 5 in Earth Magic
  2740 | D        | Noticed a black mamba
  2745 | D        | Killed a black mamba
  2771 | D        | Killed a death yak
  2771 | D        | Reached skill level 15 in Spellcasting
  2930 | D        | Noticed a blink frog
  2931 | D        | Noticed a kraken
  2940 | D        | Killed a blink frog
  3092 | D        | Noticed an alligator snapping turtle
  3092 | D        | Noticed an alligator snapping turtle
  3092 | D        | Noticed a snapping turtle
  3092 | D        | Noticed an alligator snapping turtle
  3092 | D        | Noticed an alligator snapping turtle
  3092 | D        | Found Ocziuc's Magic Scroll Shop.
  3092 | D        | Found Unleijups's Antique Weapon Boutique.
  3092 | D        | Found Donudot's Jewellery Shoppe.
  3283 | D        | Killed an alligator snapping turtle
  3362 | D        | Mangled by an alligator snapping turtle

Action                   |  1- 3 |  4- 6 |  7- 9 | 10-12 || total
-------------------------+-------+-------+-------+-------++-------
Melee: Dagger            |     7 |     7 |    36 |    73 ||   123
 Cast: Dazzling Spray    |       |       |     7 |    55 ||    62
       Ensorcelled Hiber |       |       |     1 |    42 ||    43
       Gell's Gravitas   |       |       |     1 |     4 ||     5
       Phase Shift       |       |       |       |     1 ||     1
       Tukima's Dance    |       |       |       |     1 ||     1
Invok: Shadow Step       |       |       |       |    12 ||    12
  Use: Scroll            |       |     6 |       |       ||     6
       Potion            |       |     3 |     3 |     2 ||     8
 Stab: Sleeping          |     4 |     7 |     9 |    52 ||    72
       Invisible         |       |       |     2 |     4 ||     6
       Distracted        |       |       |       |     1 ||     1
  Eat: Fruit             |       |       |       |     1 ||     1
